 Dungeon Crawl Stone Soup version 0.30.1-11-g7821555f0a (webtiles) character file.

Game seed: 14493907886756495487

280 booth the Ruffian (level 6, -1/61 HPs)
             Began as a Troll Fighter on Nov 22, 2023.
             Slain by a gnoll
             ... wielding a +0 flail
             ... led by a gnoll bouda
              (5 damage)
             ... on level 4 of the Dungeon on Nov 23, 2023.
             The game lasted 00:15:31 (2385 turns).

booth the Ruffian (Troll Fighter)                   Turns: 2385, Time: 00:15:32

Health: -1/61      AC:  5    Str: 25    XL:     6   Next: 5%
Magic:  5/5        EV:  8    Int:  6    God:
Gold:   201        SH:  7    Dex:  9    Spells: 5/5 levels left

rFire   . .          .
                       - Unarmed
rCold   . . .        b - +0 kite shield
rNeg    . . .        a - +0 robe
rPois   .            (helmet restricted)
rElec   .            h - +0 cloak
rCorr   .            (gloves unavailable)
SInv    .            (boots unavailable)
Will    .....        (no amulet)
Stlth   +            (no ring)
HPRegen 1.10/turn    (no ring)
MPRegen 0.09/turn

%: no passive effects
@: about to teleport
A: large, unfitting armour, claws 3, regeneration 1, shaggy fur 1, tough skin 1
a: no special abilities


You were on level 4 of the Dungeon.
You visited 1 branch of the dungeon, and saw 4 of its levels.

You collected 201 gold pieces.

Inventory:

Hand Weapons
 d - a +0 flail of holy wrath
Missiles
 e - 5 boomerangs (quivered)
 n - 2 silver javelins
Armour
 a - a +0 robe (worn)
 b - a +0 kite shield (worn)
 h - a +0 cloak (worn)
Jewellery
 k - a ring of willpower
Wands
 q - a wand of flame (19)
Scrolls
 f - a scroll of magic mapping
 i - a scroll of vulnerability
 j - a scroll of silence {unknown}
 s - a scroll of amnesia {unknown}
Potions
 c - a potion of might
 g - a potion of brilliance
 l - a potion of berserk rage
 m - a potion of haste
 o - a potion of ambrosia
 p - a potion of cancellation


   Skills:
 + Level 3.4 Fighting
 + Level 2.4 Throwing
 - Level 2.4 Dodging
 - Level 2.7 Shields
 * Level 4.7 Unarmed Combat


You had 5 spell levels left.
You didn't know any spells.
Your spell library contained the following spells:

 Spells                   Type           Power      Damage    Failure   Level
 Blink                    Tloc           0%         N/A       85%         2
 Lesser Beckoning         Tloc           0%         N/A       85%         2
 Momentum Strike          Conj/Tloc      0%         3d8       85%         2
 Cause Fear               Hex            0%         N/A       100%        4
 Dragon Form              Tmut           0%         N/A       100%        7
 Dragon's Call            Summ           0%         N/A       100%        9


Dungeon Overview and Level Annotations

Branches:
Dungeon (4/15)
 Temple: D:4-7

Altars:


Innate Abilities, Weirdness & Mutations

You are too large for most types of armour.
You have claws for hands.
Your natural rate of healing is unusually fast.
You are covered in fur. (AC +1)
You have tough skin. (AC +1)


Message History

You scratch the gnoll but do no damage.
The gnoll is moderately wounded.
The gnoll closely misses you.
You barely miss the gnoll.
The gnoll is moderately wounded.
The gnoll hits you with a +0 flail. The gnoll hits you with a +0 flail!
You scratch the gnoll.
The gnoll is almost dead.
The gnoll hits you with a +0 flail! You block the gnoll's attack.
You scratch the gnoll but do no damage.
The gnoll is almost dead.
You block the gnoll's attack. The gnoll bouda closely misses you.
The gnoll closely misses you. The gnoll barely misses you.
You scratch the gnoll bouda.
The gnoll bouda is severely wounded.
You block the gnoll's attack.
The gnoll bouda mumbles some strange prayers to its god.
The gnoll bouda is healed somewhat.
You block the gnoll's attack. The gnoll completely misses you.
You claw the gnoll bouda!
The gnoll bouda is almost dead.
The gnoll closely misses you.
The gnoll bouda hits you with a +0 whip.
The gnoll hits you with a +0 flail.
The gnoll hits you from afar with a +0 halberd.
The gnoll attacks as you move away! The gnoll barely misses you.
The gnoll is no longer moving quickly.
The gnoll hits you with a +0 flail.
The gnoll bouda calls upon its god to heal the gnoll.
The gnoll is healed somewhat.
The gnoll hits you with a +0 halberd.
You scratch the gnoll bouda but do no damage.
The gnoll bouda is almost dead.
The gnoll hits you but does no damage. The gnoll hits you with a +0 flail.
The gnoll bouda hits you with a +0 whip!
* * * LOW HITPOINT WARNING * * *
The gnoll hits you with a +0 halberd.
* * * LOW HITPOINT WARNING * * *
Okay, then.
As you read the scroll of teleportation, it crumbles to dust.
You feel strangely unstable. The gnoll hits you with a +0 flail.
You die...

........†.......'........
........#.......#........
........#..>....#........
...##...##'######........
.. ##...#.............###
. #....#.............#
#....#.............# .
#....#........######...
#....'......g@#........
####+#......ggg........
#........#...##+##
#........#...#
#........##### +........#
#...<....# #........#
#.....[..#


You could see a gnoll bouda and 3 gnolls.

Vanquished Creatures
  A sleepcap (D:4)
  Jessica (D:2)
  Terence (D:2)
  Natasha (thrice) (D:2)
  Robin (D:2)
  5 adders (D:2)
  A worm (D:2)
  3 orcs (D:3)
  5 bats
  3 endoplasms
  3 giant cockroaches
  8 goblins (D:2)
  7 hobgoblins
  5 jackals (D:1)
  4 quokkas (D:1)
  4 ball pythons
  2 frilled lizards (D:1)
  4 kobolds
  4 rats
65 creatures vanquished.

Notes
Turn   | Place    | Note
-------+----------+-------------------------------------------
     0 | D:1      | booth the Troll Fighter began the quest for the Orb.
     0 | D:1      | Reached XP level 1. HP: 22/22 MP: 0/0
   258 | D:1      | Reached XP level 2. HP: 29/29 MP: 1/1
   617 | D:2      | Noticed Jessica
   727 | D:2      | Found a faded altar of an unknown god.
   727 | D:2      | Noticed Terence
   738 | D:2      | Killed Terence
   739 | D:2      | Reached skill level 1 in Throwing
   739 | D:2      | Reached skill level 3 in Unarmed Combat
   739 | D:2      | Reached XP level 3. HP: 20/36 MP: 2/2
   759 | D:2      | Noticed Natasha
   761 | D:2      | Killed Natasha
   762 | D:2      | Reached XP level 4. HP: 44/44 MP: 3/3
  1062 | D:2      | Noticed Natasha
  1083 | D:2      | Killed Natasha
  1085 | D:2      | Killed Jessica
  1086 | D:2      | Reached skill level 4 in Unarmed Combat
  1086 | D:2      | Reached XP level 5. HP: 35/53 MP: 4/4
  1165 | D:2      | Noticed Robin
  1229 | D:2      | Noticed Natasha
  1237 | D:2      | Killed Natasha
  1391 | D:2      | Killed Robin
  2329 | D:4      | Reached XP level 6. HP: 61/61 MP: 5/5
  2384 | D:4      | HP: 3/61 [gnoll/+0 halberd[a gnoll bouda] (4)]
  2385 | D:4      | Slain by a gnoll

Illustrated notes

Levels and vault maps discovered:
D:1:      ncdulo_watergridlock, layout_loops_ring
D:2:      layout_basic, basic_ecumenical_altar, grunt_ministairs_14,
          minmay_pentomino_z4, uniq_terence, uniq_natasha, uniq_robin,
          uniq_jessica
D:3:      layout_loops_ring, nrook_mini_vaults
D:4:      layout_gridville, minmay_temple_entry_stoned_glass, minmay_manual_moon

Skill      XL: |  1  2  3  4  5 |
---------------+----------------+-----
Throwing       | 1 2 |  2.4
Unarmed Combat | 3 4 |  4.7
Fighting       | 3 |  3.4
Dodging        | |  2.4
Shields        | |  2.7

Action                     |  1- 3 |  4- 6 || total
---------------------------+-------+-------++-------
  Melee: Unarmed           |    53 |   142 ||   195
  Throw: Boomerang         |     3 |     9 ||    12
         Javelin           |       |     1 ||     1
    Use: Scroll            |     4 |     5 ||     9
 Armour: Robe              |    14 |    44 ||    58
  Dodge: Dodged            |    19 |    41 ||    60
  Block: Kite shield       |    14 |    47 ||    61
